 Dungeon Crawl Stone Soup version 0.27-a0-1081-ge8a0a9c698 (webtiles) character file.

Game seed: 11125927443791039327

322 shoop the Cleaver (level 6, -7/51 HPs)
             Began as a Hill Orc Fighter on Apr 25, 2021.
             Mangled by an ogre
             ... wielding a +0 giant club
              (17 damage)
             ... on level 4 of the Dungeon.
             The game lasted 00:07:20 (4462 turns).

shoop the Cleaver (Hill Orc Fighter)                Turns: 4462, Time: 00:07:20

Health: -7/51      AC: 10    Str: 21    XL:     6   Next: 47%
Magic:  6/6        EV:  5    Int:  8    God:
Gold:   135        SH:  9    Dex: 10    Spells: 5/5 levels left

rFire    . . .     SeeInvis .   a - +0 war axe
rCold    . . .     Faith    .   c - +0 kite shield
rNeg     . . .     Spirit   .   j - +0 chain mail
rPois    .         Reflect  .   h - +1 hat
rElec    .         Harm     .   (no cloak)
rCorr    .         Rampage  .   (no gloves)
Will     .....                  (no boots)
Stlth    ..........             (no amulet)
HPRegen  0.17/turn              (no ring)
MPRegen  0.10/turn              (no ring)

@: no status effects
A: no striking features
a: no special abilities


You were on level 4 of the Dungeon.
You visited 1 branch of the dungeon, and saw 4 of its levels.
You also visited: Sewer.

You collected 135 gold pieces.

Inventory:

Hand Weapons
 a - a +0 war axe (weapon)
Missiles
 k - 7 boomerangs (quivered)
Armour
 b - a +0 scale mail
 c - a +0 kite shield (worn)
 h - a +1 hat (worn)
 j - a +0 chain mail (worn)
Scrolls
 e - a scroll of fear {unknown}
 l - 2 scrolls of identify {unknown}
 m - a scroll of blinking {unknown}
 n - a scroll of fog {unknown}
Potions
 d - a potion of might
 f - 4 potions of brilliance
 g - 5 potions of heal wounds {unknown}
 i - a potion of magic {unknown}
 o - a potion of ambrosia {unknown}
 p - a potion of flight


   Skills:
 - Level 3.6 Fighting
 + Level 8.6 Axes
 - Level 1.0 Throwing
 - Level 3.2 Armour
 - Level 3.2 Shields


You had 5 spell levels left.
You didn't know any spells.
Your spell library was empty.

Dungeon Overview and Level Annotations

Branches:
Dungeon (4/15)              Sewer (visited)
 Temple: D:4-7

Altars:


Message History

You hit the centaur skeleton.
The centaur skeleton is severely damaged.
The centaur skeleton hits you but does no damage.
The centaur skeleton kicks you but does no damage.
The centaur skeleton completely misses you.
The centaur skeleton kicks you.
You slash the centaur skeleton!
You destroy the centaur skeleton!
No target in view!
A goblin comes into view. It is wielding a +0 dagger.
An ogre comes into view. It is wielding a +0 giant club.
The ogre shouts!
You hear a shout!
A giant cockroach comes into view.
Found a dagger.
You slash the goblin!
You kill the goblin!
An ogre comes into view. It is wielding a +0 giant spiked club.
An endoplasm comes into view.
The endoplasm quivers.
You slash the ogre!
The ogre is heavily wounded.
The ogre hits you with a +0 giant club!!
You block the giant cockroach's attack. You block the giant cockroach's attack.
The giant cockroach waves its antennae.
The giant cockroach bites you but does no damage.
You see here an adder corpse.
You barely miss the giant cockroach. You block the giant cockroach's attack.
The giant cockroach barely misses you.
You slash the giant cockroach!
You kill the giant cockroach!
You closely miss the ogre.
The ogre is heavily wounded.
The ogre hits you with a +0 giant club!!
Ouch! That really hurt!
* * * LOW HITPOINT WARNING * * *
You hit the ogre.
The ogre is severely wounded.
The ogre hits you with a +0 giant club!
You die...

####### ######.....##
............#
............##########
......................
.........J............
#))....O#.#.########
#...###.###.#########
..........#
#OJO@.....#
.##.......#
#####.#.### #J#.#.#.#
#....#<### #...#.#.#
##....)..# ).....#..
#.......# .#.##. ...
#.......# #. ..
###....... #.#######
..#


You could see 2 ogres and an endoplasm.

Vanquished Creatures
  4 jellies
  A centaur skeleton (D:4)
  7 adders
  4 dart slugs
  8 bats
  13 endoplasms
  5 giant cockroaches
  5 goblins
  7 hobgoblins
  6 jackals
  18 kobolds
  4 quokkas
  9 ball pythons
  4 frilled lizards
  8 rats
103 creatures vanquished.

Vanquished Creatures (others)
  11 fungi (D:2)
  15 plants (Sewer)
  6 toadstools (D:2)
32 creatures vanquished.

Grand Total: 135 creatures vanquished

Notes
Turn   | Place    | Note
-------+----------+-------------------------------------------
     0 | D:1      | shoop the Hill Orc Fighter began the quest for the Orb.
     0 | D:1      | Reached XP level 1. HP: 19/19 MP: 1/1
    40 | D:1      | Reached skill level 3 in Axes
   400 | D:1      | Reached XP level 2. HP: 24/26 MP: 2/2
   540 | D:1      | Reached skill level 4 in Axes
   843 | D:1      | Found Ciodec's Assorted Antiques.
   992 | D:1      | Reached XP level 3. HP: 29/31 MP: 3/3
  1012 | D:1      | Found a faded altar of an unknown god.
  1244 | D:2      | Reached skill level 5 in Axes
  1525 | D:2      | Reached XP level 4. HP: 37/39 MP: 4/4
  2070 | D:2      | Reached skill level 6 in Axes
  2070 | D:2      | Reached skill level 1 in Throwing
  2094 | D:2      | Reached XP level 5. HP: 41/45 MP: 5/5
  2131 | D:2      | Reached skill level 7 in Axes
  2769 | D:3      | Found a glowing drain.
  2773 | Sewer    | Entered a sewer
  3566 | D:3      | Reached XP level 6. HP: 51/51 MP: 6/6
  3819 | D:3      | Reached skill level 8 in Axes
  4462 | D:4      | Mangled by an ogre

Illustrated notes

Levels and vault maps discovered:
D:1:      lightli_arrival_chessboard, layout_basic,
          hellmonk_ecumenical_altar_leap_of_faith, serial_shops,
          nicolae_shop_behind_doors
D:2:      cheibrodos_fertilizer, layout_rooms, minmay_door_square
D:3:      layout_loops_corners, serial_rivers, chequers_serial_rivers_room_a,
          chequers_serial_rivers_marsh, chequers_serial_rivers_small_a,
          chequers_serial_rivers_small_a, chequers_serial_rivers_micro_c,
          gup_sewer_entry_bowl
D:4:      layout_basic, dk_noncrumbling_3

Skill      XL: |  1  2  3  4  5  6 |
---------------+-------------------+-----
Axes           | 3 4 5 6 7 8 |  8.6
Throwing       | 1 |  1.0
Fighting       | |  3.6
Armour         | |  3.2
Shields        | |  3.2

Action                   |  1- 3 |  4- 6 || total
-------------------------+-------+-------++-------
Melee: War axe           |   111 |   218 ||   329
  Use: Potion            |       |     3 ||     3
Armor: Scale mail        |    52 |     2 ||    54
       Chain mail        |       |   117 ||   117
Dodge: Dodged            |    35 |    47 ||    82
Block: Kite shield       |    65 |   114 ||   179

Table legend: (Time is in decaauts)
 A = Elapsed time spent in this place.
 B = Non-inter-level travel time spent in this place.
 C = Inter-level travel time spent in this place.
 D = Time resting spent in this place.
 E = Time spent auto-exploring this place.
 F = Levels seen in this place.
 G = Mean time per level.
                   A        B        C        D        E       F      G
               +--------+--------+--------+--------+--------+-----+--------+
         Total |   4817 |   4701 |    116 |    319 |   3311 |   5 |  963.4 |
       Dungeon |   3899 |   3783 |    116 |    309 |   2571 |   4 |  974.8 |
         Sewer |    917 |    917 |      0 |     10 |    740 |   1 |  917.0 |
               +--------+--------+--------+--------+--------+-----+--------+

Top non-repeatable levels by time:
     D:2: 1439 daAuts
     D:1: 1200 daAuts
     D:3: 1048 daAuts
   Sewer: 917 daAuts
     D:4: 211 daAuts
